 Dungeon Crawl Stone Soup version 0.29.1-1-gd02db6906a (webtiles) character file.

Game seed: 1861860847567873968

70 RatsInWalls the Caller (level 4, 27/27 HPs)
             Began as an Octopode Summoner on Oct 21, 2022.
             Quit the game on level 2 of the Dungeon.
             The game lasted 00:05:10 (2329 turns).

RatsInWalls the Caller (Octopode Summoner)          Turns: 2329, Time: 00:05:11

Health: 27/27      AC:  1    Str:  7    XL:     4   Next: 21%
Magic:  7/7        EV: 13    Int: 19    God:
Gold:   97         SH:  0    Dex: 12    Spells: 5/8 levels left

rFire   . . .      SeeInvis .   (no weapon)
rCold   . . .      Faith    .   (no shield)
rNeg    . . .      Spirit   .   (helmet restricted)
rPois   .          Reflect  .   (no amulet)
rElec   .          Harm     .   (no ring)
rCorr   .          Rampage  .   (no ring)
Will    .....                   (no ring)
Stlth   +++.......              (no ring)
HPRegen 0.09/turn               (no ring)
MPRegen 0.10/turn               (no ring)
                                (no ring)
                                (no ring)

@: no status effects
A: almost no armour, amphibious, 8 rings, camouflage 1, gelatinous body 1,
(nimble swimmer 1), tentacles
a: no special abilities


You were on level 2 of the Dungeon.
You visited 1 branch of the dungeon, and saw 2 of its levels.

You collected 97 gold pieces.

Inventory:

Missiles
 c - 6 atropa-tipped darts
Scrolls
 b - a scroll of butterflies {unknown}
 d - a scroll of vulnerability {unknown}
 e - a scroll of magic mapping {unknown}
 g - a scroll of teleportation {unknown}
Potions
 a - a potion of magic
 f - a potion of haste {unknown}
 h - a potion of might {unknown}


   Skills:
 * Level 0.0 Fighting
 - Level 2.7 Dodging
 + Level 3.8 Stealth
 + Level 2.6 Spellcasting
 + Level 4.4 Summonings


You had 5 spell levels left.
You knew the following spells:

 Your Spells              Type           Power      Damage    Failure   Level
a - Summon Small Mammal   Summ           76%        N/A       2%          1
b - Call Imp              Summ           19%        N/A       3%          2

Your spell library contained the following spells:

 Spells                   Type           Power      Damage    Failure   Level
 Call Canine Familiar     Summ           19%        N/A       8%          3
 Summon Guardian Golem    Hex/Summ       10%        N/A       19%         3
 Blink                    Tloc           4%         N/A       24%         2
 Dazzling Flash           Conj/Hex       4%         N/A       43%         3
 Lesser Beckoning         Tloc           2%         N/A       43%         3
 Summon Lightning Spire   Summ/Air       10%        N/A       54%         4
 Iskenderun's Mystic Bla  Conj/Tloc      2%         2d3       85%         4
 Manifold Assault         Tloc           2%         N/A       99%         5
 Starburst                Conj/Fire      1%         6d3       100%        6


Dungeon Overview and Level Annotations

Branches:
Dungeon (2/15)

Altars:


Innate Abilities, Weirdness & Mutations

You cannot wear most types of armour.
You are amphibious.
You can wear up to eight rings at the same time.
Your skin changes colour to match your surroundings (Stealth+).
Your rubbery body absorbs attacks. (AC +1, EV +1)
((You are camouflaged when in or above water. (Stealth+)))
You have tentacles for arms and can constrict up to eight enemies at once.


Message History

Your quokka barely misses the hobgoblin.
The hobgoblin hits your quokka.
Your quokka bites the hobgoblin.
Your quokka misses the hobgoblin.
The hobgoblin barely misses your quokka.
Your quokka closely misses the hobgoblin.
The hobgoblin hits your quokka.
Your quokka dies!
Your quokka's corpse disappears in a puff of smoke!
You barely miss the hobgoblin. Your grab misses the hobgoblin.
The hobgoblin is heavily wounded.
The hobgoblin misses you.
You barely miss the hobgoblin. You grab the hobgoblin.
Your squeeze misses the hobgoblin.
The hobgoblin is heavily wounded.
You constrict the hobgoblin. The hobgoblin completely misses you.
You tentacle-slap the hobgoblin. Your squeeze misses the hobgoblin.
The hobgoblin is almost dead.
You constrict the hobgoblin.
You kill the hobgoblin!
A kobold comes into view. It is wielding a +0 short sword.
A kobold is nearby!
Found a dagger.
The helpless kobold fails to defend itself.
You tentacle-slap the kobold but do no damage.
Your grab misses the kobold. Your squeeze misses the kobold.
The kobold closely misses you.
You miss the kobold. You grab the kobold.
You constrict the kobold, but do no damage.
The kobold closely misses you.
You tentacle-slap the kobold. You squeeze the kobold.
The kobold is severely wounded.
You constrict the kobold.
You kill the kobold!
Things that are here:
a +0 short sword; 3 stones; a kobold corpse You see here a +0 dagger.
An endoplasm comes into view.
An endoplasm is nearby!
An endoplasm is nearby!
Are you sure you want to abandon this character and quit the game? (Confirm with "yes".)

####### #)....# #)###.#
#.# #.# .. ########.#
#.# ..# J......@.# #.#
#.# ############.# #.#
#.........# #.#
#######.######### .>#
#.....#.##......#
#.#####.###.#.##.####.#
#.).....# #.#....# #.#
#.####### #.#########.#
#......# #.#.........#


You could see an endoplasm (asleep).

Vanquished Creatures
  Jessica (D:2)
  2 endoplasms
  2 giant cockroaches (D:1)
  A goblin (D:2)
  2 hobgoblins
  A quokka (D:2)
  2 ball pythons
  3 frilled lizards
  6 kobolds
  3 rats
23 creatures vanquished.

Vanquished Creatures (collateral kills)
  3 ball pythons (D:1)
  2 bats
  An endoplasm (D:1)
  4 goblins
  4 hobgoblins
  A quokka (D:1)
  2 rats
17 creatures vanquished.

Grand Total: 40 creatures vanquished

Notes
Turn   | Place    | Note
-------+----------+-------------------------------------------
     0 | D:1      | RatsInWalls the Octopode Summoner began the quest for the
                  | Orb.
     0 | D:1      | Reached XP level 1. HP: 11/11 MP: 3/3
   163 | D:1      | Reached XP level 2. HP: 13/17 MP: 1/5
   549 | D:1      | Learned a level 2 spell: Call Imp
  1110 | D:1      | Reached XP level 3. HP: 21/21 MP: 6/6
  1856 | D:2      | Noticed Jessica
  1876 | D:2      | Killed Jessica
  1877 | D:2      | Reached XP level 4. HP: 18/27 MP: 5/7
  2329 | D:2      | Quit the game

Illustrated notes

Levels and vault maps discovered:
D:1:      sevenhm_arrival_forest_fort_large_2, layout_loops_corners
D:2:      layout_basic, uniq_robin, uniq_jessica

Skill      XL: |  1 |
---------------+----+-----
Stealth        | 3 |  3.8
Dodging        | |  2.7
Spellcasting   | |  2.6
Summonings     | |  4.4

Action                   |  1- 3 |  4- 6 || total
-------------------------+-------+-------++-------
Melee: Unarmed           |    42 |    22 ||    64
       Tentacles         |    10 |     6 ||    16
       Constrict         |    11 |     8 ||    19
       Punch             |     1 |       ||     1
 Cast: Summon Small Mamm |    20 |     2 ||    22
       Call Imp          |    15 |     1 ||    16
 Stab: Sleeping          |     4 |     4 ||     8
Armor: Skin              |     7 |     1 ||     8
Dodge: Dodged            |    22 |    12 ||    34
